 Dungeon Crawl Stone Soup version 0.31-a0-202-g547052bce9 (webtiles) character file.

Game seed: 3174983772316221078

245 qw the Skirmisher (level 5, 0/29 HPs)
             Began as a Deep Elf Hunter on June 26, 2023.
             Succumbed to a scorpion's poison
             ... on level 4 of the Dungeon.
             The game lasted 00:00:53 (2433 turns).

qw the Skirmisher (Deep Elf Hunter)                 Turns: 2433, Time: 00:00:54

Health: 0/29       AC:  7    Str: 10    XL:     5   Next: 84%
Magic:  7/7        EV: 11    Int: 14    God:
Gold:   173        SH:  0    Dex: 18    Spells: 4/4 levels left

rFire   . . .        Y - +0 shortbow
rCold   . . .        (shield currently unavailable)
rNeg    . . .        i - +0 ring mail
rPois   .            e - +2 hat
rElec   .            (no cloak)
rCorr   .            (no gloves)
SInv    .            (no boots)
Will    .....        (no amulet)
Stlth   +            (no ring)
HPRegen 0.24/turn    (no ring)
MPRegen 0.10/turn

%: no passive effects
@: lethally poisoned (0 -> -4)
A: no striking features
a: no special abilities


You were on level 4 of the Dungeon.
You visited 1 branch of the dungeon, and saw 4 of its levels.

You collected 173 gold pieces.


   Skills:
 + Level 1.5 Fighting
 - Level 9.4 Ranged Weapons
 - Level 2.4 Dodging
 - Level 1.2 Stealth


You had 4 spell levels left.
You didn't know any spells.
Your spell library was empty.

Inventory:

Hand Weapons
 Y - a +0 shortbow (weapon)
Armour
 e - a +2 hat (worn)
 i - a +0 ring mail (worn)
Potions
 a - a potion of invisibility {unknown}
 f - a potion of cancellation {unknown}

Dungeon Overview and Level Annotations

Branches:
Dungeon (4/15)
 Temple: D:4-7

Altars:
Trog
Uskayaw


Message History

You feel very sick. The scorpion closely misses you.
You shoot an arrow. The arrow hits the scorpion.
The scorpion is lightly wounded.
You feel very sick. The scorpion misses you.
You shoot an arrow. The arrow hits the scorpion.
The scorpion is moderately wounded.
You feel sick. The scorpion closely misses you.
You shoot an arrow.
The arrow hits the scorpion but does no damage.
The scorpion is moderately wounded.
You feel sick. The scorpion closely misses you.
The scorpion stings you but does no damage.
You shoot an arrow. The arrow hits the scorpion.
The scorpion is heavily wounded.
You feel sick. The scorpion stings you.
You are lethally poisoned!
The scorpion poisons you!
You shoot an arrow. The arrow barely misses the scorpion.
You feel very sick. The scorpion barely misses you.
A hobgoblin comes into view.
The scorpion closely misses you.
You shoot an arrow. The hobgoblin shouts!
The arrow hits the scorpion!
You kill the scorpion!
You feel very sick.
Your Ranged Weapons skill increases to level 9!
2429 ||| FLEEEEING.
You feel sick.
2430 ||| FLEEEEING.
You feel sick.
2431 ||| FLEEEEING.
You feel sick.
2432 ||| FLEEEEING.
You feel sick.
2433 ||| FLEEEEING.
You die...

#...##.#...
..........
..........
#.........
#.........
#........#
#........#
#######<.......
##.@............
#..#####.....#..
#....##...#.....
#..#..#.#.#.#.#.
#g.##....## . #
#..####### .
#..)...... ##
#..####### #..#


You could see a hobgoblin.

Vanquished Creatures
  A bullfrog (D:4)
  A scorpion (D:4)
  7 adders
  2 worms (D:2)
  2 dart slugs
  An orc (D:4)
  7 bats
  8 endoplasms
  3 giant cockroaches
  5 goblins
  4 hobgoblins
  4 ball pythons
  2 frilled lizards
  3 kobolds
  6 rats
56 creatures vanquished.

Notes
Turn   | Place    | Note
-------+----------+-------------------------------------------
     0 | D:1      | qw the Deep Elf Hunter began the quest for the Orb.
     0 | D:1      | Reached XP level 1. HP: 12/12 MP: 3/3
     0 | D:1      | 0 ||| qw: Version: 0.3-a-22-g0ed2b0b
     0 | D:1      | 0 ||| qw: Game counter: 6088
     0 | D:1      | 0 ||| qw: Melee chars always use a shield: true
     0 | D:1      | 0 ||| qw: God list: Okawaru
     0 | D:1      | 0 ||| qw: Allow faded altars: false
     0 | D:1      | 0 ||| qw: Do Orc after clearing Dungeon:15 true
     0 | D:1      | 0 ||| qw: Do second Lair branch before Depths: true
     0 | D:1      | 0 ||| qw: Lair rune preference: random
     0 | D:1      | 0 ||| qw: Goals: Normal
     0 | D:1      | 0 ||| PLANNING D:1-11
    39 | D:1      | Found a faded altar of an unknown god.
   234 | D:1      | Reached XP level 2. HP: 16/16 MP: 4/4
   309 | D:1      | Reached skill level 6 in Ranged Weapons
   672 | D:1      | 672 ||| UPGRADING to +2 hat.
   677 | D:1      | 677 ||| READING scroll labelled SITUMI OG LUFY.
   678 | D:1      | 678 ||| DROPPING scroll of butterflies.
   868 | D:2      | Reached XP level 3. HP: 13/20 MP: 5/5
   972 | D:2      | Reached skill level 7 in Ranged Weapons
  1109 | D:2      | Reached XP level 4. HP: 21/25 MP: 6/6
  1416 | D:2      | Found a bloodstained altar of Trog.
  1511 | D:2      | 1511 ||| UPGRADING to +0 ring mail.
  1521 | D:2      | 1521 ||| DROPPING +0 leather armour.
  1522 | D:2      | 1522 ||| READING scroll labelled AGARAF RETZIPT.
  1525 | D:2      | 1525 ||| READING scroll labelled DANELA QIYQY.
  1526 | D:2      | 1526 ||| READING 2 scrolls labelled WOQYSY ANKEONK.
  1527 | D:2      | 1527 ||| READING scroll labelled OCUADE EPIJUMU.
  1528 | D:2      | 1528 ||| READING scroll labelled FOAPTO PAKOT.
  1529 | D:2      | 1529 ||| DRINKING 2 red potions.
  1530 | D:2      | 1530 ||| DROPPING scroll of vulnerability.
  1532 | D:2      | 1532 ||| Stepping ~*~*~tactically~*~*~ (cloud).
  1538 | D:2      | HP: 6/25 [poisoned by you (poison gas)]
  1678 | D:3      | Found a hide-covered altar of Uskayaw.
  2209 | D:3      | Reached skill level 8 in Ranged Weapons
  2291 | D:3      | 2291 ||| READING scroll labelled AQOWARO JACE.
  2292 | D:3      | 2292 ||| READING scroll labelled HENOKHL SOHARREYWK.
  2293 | D:3      | 2293 ||| DRINKING 2 grey potions.
  2294 | D:3      | 2294 ||| DROPPING potion of brilliance.
  2318 | D:4      | 2318 ||| STAIRDANCE
  2350 | D:4      | 2350 ||| STAIRDANCE
  2400 | D:4      | Noticed a bullfrog
  2401 | D:4      | Noticed a scorpion
  2410 | D:4      | Killed a bullfrog
  2411 | D:4      | Reached XP level 5. HP: 19/29 MP: 7/7
  2421 | D:4      | HP: 6/29 [scorpion (3)]
  2422 | D:4      | 2422 ||| DRINKING potion of heal wounds.
  2428 | D:4      | HP: 7/29 [poisoned by a scorpion]
  2429 | D:4      | Reached skill level 9 in Ranged Weapons
  2429 | D:4      | 2429 ||| FLEEEEING.
  2430 | D:4      | 2430 ||| FLEEEEING.
  2430 | D:4      | HP: 3/29 [poisoned by a scorpion]
  2431 | D:4      | 2431 ||| FLEEEEING.
  2432 | D:4      | 2432 ||| FLEEEEING.
  2432 | D:4      | HP: 1/29 [poisoned by a scorpion]
  2433 | D:4      | 2433 ||| FLEEEEING.
  2433 | D:4      | Succumbed to a scorpion's poison

Levels and vault maps discovered:
D:1:      lemuel_arrival_tunnels, layout_loops_ring,
          dreamdust_ecumenical_altar_grove
D:2:      layout_loops_ring, basic_altar
D:3:      layout_basic, eat_drink_and_be_merry_uskayaw
D:4:      layout_cave_pools, minmay_manual_monstrance, uniq_robin

Skill      XL: |  1  2  3  4  5 |
---------------+----------------+-----
Ranged Weapons | 6 7 8 9 |  9.4
Fighting       | |  1.5
Dodging        | |  2.4
Stealth        | |  1.2

Action                     |  1- 3 |  4- 6 || total
---------------------------+-------+-------++-------
   Fire: Shortbow          |   103 |   101 ||   204
    Use: Scroll            |     1 |     7 ||     8
         Potion            |       |     3 ||     3
 Armour: Leather armour    |    15 |       ||    15
         Ring mail         |       |    26 ||    26
  Dodge: Dodged            |    29 |    41 ||    70

Table legend:
 A = Non-vault XP
 B = Vault XP
 C = Vault XP percentage of total XP
 D = Non-vault monster count
 E = Vault monster count
 F = Vault count percentage of total count
                 A         B        C        D         E       F
            +---------+---------+-------+---------+---------+-------
      Total |     174 |     177 |  50.4 |      51 |       5 |   8.9
            +---------+---------+-------+---------+---------+-------
        D:1 |      23 |       0 |   0.0 |      14 |       0 |   0.0
        D:2 |      91 |       0 |   0.0 |      23 |       0 |   0.0
        D:3 |      60 |       0 |   0.0 |      14 |       0 |   0.0
        D:4 |       0 |     177 | 100.0 |       0 |       5 | 100.0
            +---------+---------+-------+---------+---------+-------
